 Dungeon Crawl Stone Soup version 0.31-a0-1581-g41d5ff3e7b (webtiles) character file.

Game seed: 13307989749652803897

41 NoAnimeNoLife the Shooter (level 3, 0/27 HPs)
             Began as a Demigod Hexslinger on Jan 5, 2024.
             Killed from afar by Natasha (8 damage)
             ... with a puff of flame
             ... on level 2 of the Dungeon.
             The game lasted 00:00:33 (1066 turns).

NoAnimeNoLife the Shooter (Demigod Hexslinger)      Turns: 1066, Time: 00:00:34

Health: 0/27       AC:  3    Str:  9    XL:     3   Next: 16%
Magic:  5/7        EV: 12    Int: 15    God:
Gold:   98         SH:  0    Dex: 20    Spells: 2/4 levels left

rFire   . . .        a - +1 sling
rCold   . . .        (no shield)
rNeg    . . .        c - +0 robe
rPois   .            g - +0 helmet
rElec   .            (no cloak)
rCorr   .            (no gloves)
SInv    .            (no boots)
Will    .....        f - amulet of the acrobat
Stlth   ++           (no ring)
HPRegen 0.24/turn    (no ring)
MPRegen 0.10/turn

%: acrobat
@: weak-willed, jinxed
A: high MP 1, forlorn, divine attributes
a: no special abilities


You were on level 2 of the Dungeon.
You visited 1 branch of the dungeon, and saw 2 of its levels.

You collected 98 gold pieces.

Inventory:

Hand Weapons
 a - a +1 sling (weapon)
Armour
 c - a +0 robe (worn)
 g - a +0 helmet (worn)
Jewellery
 f - an amulet of the acrobat (around neck)
 m - a ring of fire
Scrolls
 b - a scroll of poison
 e - a scroll of fog {unknown}
 i - a scroll of teleportation {unknown}
 k - 2 scrolls of identify {unknown}
Potions
 d - a potion of degeneration {unknown}
 h - a potion of heal wounds {unknown}
 j - a potion of magic {unknown}
 l - a potion of attraction {unknown}


   Skills:
 - Level 0.9 Fighting
 + Level 3.3 Ranged Weapons
 - Level 1.8 Dodging
 - Level 1.0 Spellcasting
 - Level 2.7 Hexes
 - Level 0.9 Fire Magic


You had 2 spell levels left.
You knew the following spells:

 Your Spells              Type           Power      Damage    Failure   Level
a - Jinxbite              Hex            16%        N/A       12%         2

Your spell library contained the following spells:

 Spells                   Type           Power      Damage    Failure   Level
 Sigil of Binding         Hex            8%         N/A       24%         3
 Inner Flame              Hex/Fire       6%         N/A       34%         3
 Cause Fear               Hex            4%         N/A       63%         4
 Dimensional Bullseye     Hex/Tloc       2%         N/A       80%         4


Dungeon Overview and Level Annotations

Branches:
Dungeon (2/15)

Annotations:
D:2 Natasha


Innate Abilities, Weirdness & Mutations

You have an increased reservoir of magic. (+10% MP)
You shall have no god before yourself.
Your divine heritage dramatically boosts your attributes as you level up.


Message History

A kobold comes into view. It is wielding a +0 short sword.
The kobold shouts!
The kobold moves out of view.
A rat is nearby!
You shoot a sling bullet. The sling bullet hits the rat!
You kill the rat!
A kobold is nearby!
You shoot a sling bullet. The sling bullet hits the kobold!
You kill the kobold!
An adder comes into view.
Natasha, Servant of Life and Death comes into view.
She is carrying a wand of flame.
You shoot a sling bullet. The sling bullet barely misses Natasha.
The sling bullet hits the adder.
The adder is heavily wounded.
Natasha zaps a wand.
The puff of flame hits you!
You shoot a sling bullet. The sling bullet hits the adder.
The adder is severely wounded.
The adder barely misses you.
There are monsters nearby!
You shoot a sling bullet. The sling bullet hits the adder!
You kill the adder!
Natasha closely misses you.
You have reached level 3!
Your experience leads to a dramatic increase in your attributes!
Increase (S)trength, (I)ntelligence, or (D)exterity?
You feel agile. x4
Casting: Jinxbite (safe; 12% risk of failure)
Confirm with . or Enter, or press ? or * to list all spells.
You beckon some vexing sprites to accompany your attacks.
You feel your willpower being sapped.
Natasha wildly gestures.
Natasha's front paws start to glow.
Natasha zaps a wand.
The puff of flame hits you!
* * * LOW HITPOINT WARNING * * *
You are too injured to fight recklessly!
You shoot a sling bullet.
The sling bullet closely misses Natasha.
Natasha zaps a wand.
The puff of flame hits you!
You die...
Natasha begins licking her fur clean.

.# #.# #.# #.#
.###.## #.# #.#
.##.#.#####.# #.#
...###......# #.#
###.#.####### #.#
..##..# #.#
#.###.# #.# .#.
#.# #.# #.##.....
#.# #.# #@h.)#
#<###.# #)#......
#...>.# #.##.#.#.
....### #.# .....
....########## #.#
#.# .............#
#.# ...
..<.########.##...
## ....# #...##..
### ....# ##.##
..#


You could see Natasha.

Vanquished Creatures
  2 adders (D:2)
  2 ball pythons
  6 endoplasms
  A giant cockroach (D:1)
  2 goblins (D:2)
  3 hobgoblins (D:1)
  A quokka (D:2)
  2 kobolds (D:2)
  A rat (D:2)
20 creatures vanquished.

Notes
Turn   | Place    | Note
-------+----------+-------------------------------------------
     0 | D:1      | NoAnimeNoLife the Demigod Hexslinger began the quest for
                  | the Orb.
     0 | D:1      | Reached XP level 1. HP: 15/15 MP: 4/4
   179 | D:1      | Reached skill level 2 in Ranged Weapons
   381 | D:1      | Reached XP level 2. HP: 22/22 MP: 5/5
   394 | D:1      | Learned a level 2 spell: Jinxbite
   879 | D:2      | Reached skill level 3 in Ranged Weapons
  1061 | D:2      | Noticed Natasha
  1065 | D:2      | Reached XP level 3. HP: 19/27 MP: 7/7
  1066 | D:2      | Killed from afar by Natasha

Illustrated notes

Levels and vault maps discovered:
D:1:      amcnicky_arrival_flooded_fountain, layout_basic
D:2:      layout_loops_ring, st_stairs_2, minmay_misc_feat_more_columns,
          nicolae_figureground_sparkle, uniq_natasha

Skill      XL: |  1  2 |
---------------+-------+-----
Ranged Weapons | 2 3 |  3.3
Fighting       | |  0.9
Dodging        | |  1.8
Spellcasting   | |  1.0
Hexes          | |  2.7
Fire Magic     | |  0.9

Action                     || total
---------------------------++-------
   Fire: Sling             ||    65
   Cast: Jinxbite          ||     1
 Armour: Robe              ||    16
  Dodge: Dodged            ||    23

Table legend: (Time is in decaauts)
 A = Elapsed time spent in this place.
 B = Non-inter-level travel time spent in this place.
 C = Inter-level travel time spent in this place.
 D = Time resting spent in this place.
 E = Time spent auto-exploring this place.
 F = Levels seen in this place.
 G = Mean time per level.
                   A        B        C        D        E       F      G
               +--------+--------+--------+--------+--------+-----+--------+
         Total |   1083 |   1070 |     13 |      0 |    921 |   2 |  541.5 |
       Dungeon |   1083 |   1070 |     13 |      0 |    921 |   2 |  541.5 |
               +--------+--------+--------+--------+--------+-----+--------+

Top non-repeatable levels by time:
     D:1: 671 daAuts
     D:2: 412 daAuts
